 Dungeon Crawl Stone Soup version 0.21.1-1-g345015f (webtiles) character file.

30 raistware the Magician (level 3, -2/24 HPs)
             Began as a Mummy Wizard on Apr 19, 2018.
             Shot with an arrow by a centaur (6 damage)
             ... on level 2 of the Dungeon.
             The game lasted 00:06:19 (1585 turns).

raistware the Magician (Mummy Wizard)               Turns: 1585, Time: 00:06:20

Health: -2/24      AC:  2    Str: 10    XL:     3   Next: 5%
Magic:  8/8        EV: 12    Int: 17    God:
Gold:   78         SH:  0    Dex: 11    Spells: 0/10 levels left

rFire    x . .     SeeInvis .   h - +0 dagger (flame)
rCold    + . .     Gourm    .   (no shield)
rNeg     + + +     Faith    .   a - +0 robe
rPois    ∞         Spirit   .   b - +0 hat
rElec    .         Reflect  .   (no cloak)
rCorr    .         Harm     .   (no gloves)
MR       .....                  (no boots)
Stlth    ++........             (no amulet)
HPRegen  0.08/turn              (no ring)
MPRegen  0.11/turn              (no ring)

@: no status effects
A: no food or potions, fire vulnerability, cold resistance 1, negative energy
resistance 3, torment resistance, unbreathing
a: no special abilities


You were on level 2 of the Dungeon.
You were not hungry.

You visited 1 branch of the dungeon, and saw 2 of its levels.

You collected 78 gold pieces.

Inventory:

Hand Weapons
 h - a +0 dagger of flaming (weapon)
Armour
 a - a +0 robe (worn)
 b - a +0 hat (worn)
Scrolls
 e - a scroll of fog {unknown}
 f - a scroll of magic mapping {unknown}
 g - a scroll of enchant armour {unknown}
Books
 c - a book of Minor Magic

   Spells                             Type                      Level
   a - Magic Dart                     Conjuration                  1
   b - Blink                          Translocation                2
   c - Call Imp                       Summoning                    2
   d - Slow                           Hexes                        2
   e - Conjure Flame                  Conjuration/Fire             3
   f - Mephitic Cloud                 Conjuration/Poison/Air       3


   Skills:
 - Level 1.5 Dodging
 - Level 1.5 Stealth
 + Level 4.2 Spellcasting
 * Level 2.2 Conjurations
 + Level 0.1 Hexes
 - Level 0.7 Summonings
 - Level 0.7 Translocations


You couldn't memorise any spells.
You knew the following spells:

 Your Spells              Type           Power        Failure   Level  Hunger
a - Magic Dart            Conj           ##..         6%          1    N/A
b - Blink                 Tloc           N/A          17%         2    N/A
c - Call Imp              Summ           #.......     17%         2    N/A
d - Slow                  Hex            #.......     22%         2    N/A
e - Mephitic Cloud        Conj/Pois/Air  #.......     34%         3    N/A

Dungeon Overview and Level Annotations

Branches:
Dungeon (2/15)

Altars:


Innate Abilities, Weirdness & Mutations

You do not eat or drink.
Your flesh is vulnerable to fire.
You are immune to poison.
Your flesh is cold resistant. (rC+)
You are immune to negative energy. (rN+++)
You are immune to unholy pain and torment.
You can survive without breathing.


Message History

The arrow hits your white imp.
Your crimson imp blinks!
Your crimson imp barely misses the centaur.
There is a stone staircase leading up here.
The centaur shoots an arrow.
The arrow hits your crimson imp.
Your crimson imp hits the centaur but does no damage.
You climb upwards.
There is a stone staircase leading down here.
You start resting.
Magic restored.
You start resting.
HP restored.
There is a stone staircase leading down here.
Okay, then.
You climb downwards.
The centaur shoots an arrow.
The arrow hits you!
Ouch! That really hurt!
The centaur shoots an arrow.
The arrow hits you!
* * * LOW HITPOINT WARNING * * *
The centaur shoots an arrow.
The arrow hits you.
You die...

#+#
###(..)..!#
#.#
#...#.##..#
###.# #c###
# #.#.# #(#
#..<# #.#
#.#.# #.#
#...# #.#
##### #(#
#@# ###


You could see a centaur.

Vanquished Creatures
  A leopard gecko (D:1)
  5 bats (D:1)
  A giant cockroach (D:1)
  3 goblins
  3 hobgoblins (D:1)
  2 jackals (D:1)
  6 kobolds (D:1)
  A quokka (D:2)
  A frilled lizard (D:1)
23 creatures vanquished.

Vanquished Creatures (collateral kills)
  2 jackals (D:1)
2 creatures vanquished.

Vanquished Creatures (others)
  A bat (D:2)
1 creature vanquished.

Grand Total: 26 creatures vanquished

Notes
Turn   | Place    | Note
-------+----------+-------------------------------------------
     0 | D:1      | raistware the Mummy Wizard began the quest for the Orb.
     0 | D:1      | Reached XP level 1. HP: 13/13 MP: 5/5
     9 | D:1      | Reached skill level 1 in Conjurations
   221 | D:1      | Reached XP level 2. HP: 15/19 MP: 0/7
   225 | D:1      | Learned a level 2 spell: Blink
   228 | D:1      | Learned a level 2 spell: Call Imp
   925 | D:1      | Learned a level 2 spell: Slow
  1235 | D:2      | Noticed a centaur
  1281 | D:2      | Reached XP level 3. HP: 24/24 MP: 5/8
  1286 | D:2      | Learned a level 3 spell: Mephitic Cloud
  1585 | D:2      | Shot with an arrow by a centaur

Skill      XL: |  1  2 |
---------------+-------+-----
Conjurations   | 1 2 |  2.2
Dodging        | |  1.5
Stealth        | |  1.5
Spellcasting   | |  4.2
Hexes          | |  0.1
Summonings     | |  0.7
Translocations | |  0.7

Action                   || total
-------------------------++-------
Melee: Short sword       ||    24
       Dagger            ||     2
 Cast: Magic Dart        ||    59
       Call Imp          ||     4
Armor: Robe              ||     7
Dodge: Dodged            ||    31
